 Dungeon Crawl Stone Soup version 0.22-a0-374-g5dfd9e3 (webtiles) character file.

11327 Amnesiac the Archer (level 11, -6/62 HPs)
             Began as a Deep Elf Fighter on Apr 27, 2018.
             Was a High Priest of Okawaru.
             Mangled by a death yak (20 damage)
             ... on level 11 of the Dungeon.
             The game lasted 00:25:32 (16894 turns).

Amnesiac the Archer (Deep Elf Fighter)             Turns: 16894, Time: 00:25:33

Health: -6/62      AC: 18    Str: 16    XL:     11   Next: 47%
Magic:  19/19      EV:  6    Int: 17    God:    Okawaru [*****.]
Gold:   562        SH:  3    Dex: 14    Spells: 4/10 levels left

rFire    . . .     SeeInvis .   a - +1 shortbow (freeze)
rCold    + . .     Gourm    .   (shield currently unavailable)
rNeg     . . .     Faith    .   M - +0 plate armour
rPois    .         Spirit   .   L - +0 helmet
rElec    .         Reflect  +   d - +2 cloak {+Inv}
rCorr    .         Harm     .   (no gloves)
MR       +....                  k - +1 pair of boots
Stlth    ..........             E - +3 amulet of reflection
HPRegen  0.20/turn              o - ring of protection from cold
MPRegen  0.16/turn              w - +3 ring of intelligence

@: about to teleport, very slightly contaminated
A: no striking features
a: Heroism, Finesse, Renounce Religion, Evoke Invisibility


You were on level 11 of the Dungeon.
You worshipped Okawaru.
Okawaru was extremely pleased with you.
You were very hungry.

You visited 2 branches of the dungeon, and saw 12 of its levels.

You collected 562 gold pieces.

Inventory:

Hand Weapons
 a - a +1 shortbow of freezing (weapon)
 b - the +7 long sword "Mieschiv" {venom, Str+2}
   (You found it on level 8 of the Dungeon)

   It poisons the flesh of those it strikes.
   It affects your strength (+2).
 e - a +0 blowgun
 D - a +1 scimitar of flaming
Missiles
 g - 42 poisoned needles
 m - 64 arrows (quivered)
Armour
 d - a +2 cloak of invisibility (worn)
 h - a +1 cloak of magic resistance
 k - a +1 pair of boots (worn)
 t - the +0 hat of the Bells {rPois rN+++ Dex-3 Stlth-}
   (Okawaru gifted it to you on level 11 of the Dungeon)

   It affects your dexterity (-3).
   It protects you from poison.
   It renders you almost immune to negative energy.
   It makes you less stealthy.
 L - a +0 helmet (worn)
 M - a +0 plate armour (worn)
Jewellery
 o - a ring of protection from cold (left hand)
 u - an uncursed amulet of magic regeneration
 w - a +3 ring of intelligence (right hand)
 y - an uncursed ring of flight
 E - a +3 amulet of reflection (around neck)
Wands
 c - a wand of random effects (29)
 q - a wand of iceblast (7)
 A - a wand of polymorph (18)
 H - a wand of flame (26)
Scrolls
 j - a scroll of magic mapping {!r}
 l - 6 scrolls of teleportation {!r}
 n - 2 scrolls of noise {!r}
 r - 2 scrolls of amnesia {!r}
 B - 8 scrolls of remove curse {!r}
 J - 2 scrolls of identify {!r}
Potions
 p - a potion of heal wounds {!q}
 s - 2 potions of flight {!q}
 v - a potion of resistance {!q}
 x - 2 potions of curing {!q}
 z - a potion of cancellation {!q, unknown}
 C - 3 potions of invisibility {!q, unknown}
 F - a potion of agility {!q, unknown}
 G - 3 potions of lignification {!q, unknown}
 I - 2 potions of haste {!q, unknown}
 K - a potion of degeneration {!q, unknown}
Comestibles
 f - 23 rations


   Skills:
 - Level 4.6 Fighting
   Level 2.0 Short Blades
 * Level 13.5 Bows
 - Level 4.6 Armour
 - Level 4.7 Dodging
   Level 2.4 Shields
 - Level 8.0 Invocations
 - Level 8.0 Evocations


You had 4 spell levels left.
You knew the following spells:

 Your Spells              Type           Power        Failure   Level  Hunger
a - Apportation           Tloc           #.....       100%        1    ##.....
b - Animate Skeleton      Necr           N/A          100%        1    ##.....
c - Summon Small Mammal   Summ           #...         100%        1    ##.....
d - Swiftness             Chrm/Air       #.......     100%        2    ###....
z - Confusing Touch       Hex            #.....       100%        1    ##.....


Dungeon Overview and Level Annotations

Branches:
Dungeon (11/15)            Temple (1/1) D:4            Lair (0/6) D:11
    Orc: D:9-12

Altars:
Cheibriados
Dithmenos
Elyvilon
Hepliaklqana
Kikubaaqudgha
Makhleb
Okawaru
Qazlal
Ru
Sif Muna
Uskayaw
Vehumet
Xom
Zin
The Shining One

Shops:
D:4 :   D:5 %   D:9 *


Message History

Press: ? - help, Shift-Dir - straight line, f/p - death yak
Aim: a death yak (lightly wounded)
You shoot an arrow.
The arrow hits the death yak but does no damage.
The death yak is lightly wounded.
Firing (i - inventory)
m - 71 arrows (quivered)
Press: ? - help, Shift-Dir - straight line, f/p - death yak
Aim: a death yak (lightly wounded)
You shoot an arrow. The arrow barely misses the death yak.
The arrow hits the yak.
The arrow freezes the yak.
The yak is almost dead.
You block the death yak's attack.
Firing (i - inventory)
m - 70 arrows (quivered)
Press: ? - help, Shift-Dir - straight line, f/p - death yak
Aim: a death yak (lightly wounded)
You shoot an arrow. The arrow hits the death yak.
The arrow freezes the death yak.
The death yak is lightly wounded.
You block the death yak's attack.
Firing (i - inventory)
m - 69 arrows (quivered)
Press: ? - help, Shift-Dir - straight line, f/p - death yak
Aim: a death yak (lightly wounded)
You shoot an arrow.
The arrow hits the death yak but does no damage.
The death yak is lightly wounded.
Firing (i - inventory)
m - 68 arrows (quivered)
Press: ? - help, Shift-Dir - straight line, f/p - death yak
Aim: a death yak (lightly wounded)
You shoot an arrow. The arrow hits the death yak.
The arrow freezes the death yak.
The death yak is moderately wounded.
The death yak closely misses you.
Firing (i - inventory)
m - 67 arrows (quivered)
Press: ? - help, Shift-Dir - straight line, f/p - death yak
Aim: a death yak (moderately wounded)
You shoot an arrow. The arrow hits the death yak.
The arrow freezes the death yak.
The death yak is moderately wounded.
The death yak gores you!
* * * LOW HITPOINT WARNING * * *
Firing (i - inventory)
m - 66 arrows (quivered)
Press: ? - help, Shift-Dir - straight line, f/p - death yak
Aim: a death yak (moderately wounded)
You shoot an arrow. The arrow hits the death yak!
The arrow freezes the death yak.
The death yak is heavily wounded.
Firing (i - inventory)
m - 65 arrows (quivered)
Press: ? - help, Shift-Dir - straight line, f/p - death yak
Aim: a death yak (heavily wounded)
You shoot an arrow. The arrow hits the death yak.
The arrow freezes the death yak.
The death yak is heavily wounded.
The death yak gores you!!
* * * LOW HITPOINT WARNING * * *
You flicker for a moment.
You flicker back into view.
You see here a dagger.
You see here a dagger.
Okay, then.
You are feeling very hungry.
Really read
l - 7 scrolls of teleportation {!r}?
As you read the scroll of teleportation {!r}, it crumbles to dust.
You feel strangely unstable. The death yak gores you!!
You die...

##.# #......##..# #.# # # #.#
##.# #......##..####.# .# #.#
##.####......##.......####.# #.##
............z..............# #...
............<........z.....# #...
.................###.......# #...
##...........z[..# #...# #..#
##...............# #z..# #..#
##..............@# #...# #. #..#
##............).Y# #...# #.# #Y.#
##..........)....# #...# #.# #..#
##..........)...Y# #...# #.# #Y.#
##...............# #...# #.# #..#
##..............Y# #...# #.# #..#
##...............# #...# #.###..#
##...............###...###..))...
....................YY...........


You could see 2 death yaks, 2 skeletal warriors and a yak.

Vanquished Creatures
  Erolcha (D:9)
  Erica (D:10)
  A death yak (D:10)
  An unseen horror (D:10)
  An ugly thing (D:11)
  A cyclops (D:11)
  Maurice (D:9)
  Joseph (D:9)
  2 trolls (D:11)
  The ghost of Pikaro the Cudgeler, an amateur BaFi (D:3)
  A hippogriff (D:11)
  A wraith (D:11)
  Sigmund (D:3)
  9 yaks
  A wyvern (D:7)
  A hungry ghost (D:11)
  Menkaure (D:5)
  2 porcupines
  An orc warrior (D:9)
  3 sky beasts
  A hornet zombie (D:11)
  3 ice beasts
  8 ogres
  A black bear (D:9)
  An eye of draining (D:11)
  A phantom (D:11)
  4 centaurs
  A big kobold (D:11)
  2 bullfrogs
  6 scorpions
  A water moccasin skeleton (D:7)
  4 killer bees (D:10)
  3 crimson imps
  A centaur zombie (D:11)
  4 hounds
  A quasit (D:8)
  2 bullfrog zombies
  4 orc priests
  9 orc wizards
  A centaur skeleton (D:6)
  Crazy Yiuf (D:3)
  2 jellies
  4 bullfrog skeletons
  3 iguanas
  8 worker ants
  A killer bee zombie (D:6)
  2 hound zombies
  2 worker ant zombies (D:6)
  11 gnolls
  16 adders
  A howler monkey skeleton (D:6)
  3 river rats
  2 shadow imps
  10 oozes
  An adder skeleton (D:9)
  4 worms
  A dart slug (D:1)
  8 leopard geckos
  30 orcs
  8 bats
  A bat zombie (D:8)
  7 giant cockroaches
  11 goblins
  7 hobgoblins
  10 jackals
  17 kobolds
  10 quokkas
  2 ball pythons
  7 frilled lizards
  2 quokka skeletons
  7 rats
  2 rat zombies (D:8)
291 creatures vanquished.

Vanquished Creatures (others)
  A fungus (D:4)
  11 toadstools (D:4)
12 creatures vanquished.

Grand Total: 303 creatures vanquished

Notes
Turn   | Place    | Note
-------+----------+-------------------------------------------
     0 | D:1      | Amnesiac the Deep Elf Fighter began the quest for the Orb.
     0 | D:1      | Reached XP level 1. HP: 13/13 MP: 3/3
    20 | D:1      | Reached skill level 1 in Dodging
    72 | D:1      | Reached XP level 2. HP: 11/18 MP: 4/4
   440 | D:1      | Reached XP level 3. HP: 19/22 MP: 5/5
  1606 | D:3      | Reached XP level 4. HP: 24/27 MP: 6/6
  1995 | D:3      | Found a runed door.
  2210 | D:3      | Noticed Sigmund
  2220 | D:3      | Killed Sigmund
  2220 | D:3      | Reached XP level 5. HP: 18/33 MP: 7/7
  2495 | D:3      | Reached XP level 6. HP: 35/38 MP: 8/8
  2557 | D:3      | Noticed Pikaro's ghost (amateur BaFi)
  2639 | D:3      | Found a sacrificial altar of Ru.
  4769 | D:4      | Found Ychithrekk's Book Shoppe.
  4952 | D:4      | Found a burning altar of Makhleb.
  4987 | D:4      | Identified the Collected Works on Battle Magic
  5003 | D:4      | Found a staircase to the Ecumenical Temple.
  5056 | Temple   | Entered the Ecumenical Temple
  5094 | Temple   | Became a worshipper of Warmaster Okawaru
  5204 | D:4      | Reached XP level 7. HP: 33/44 MP: 9/9
  5272 | D:5      | Entered Level 5 of the Dungeon
  5272 | D:5      | Noticed Menkaure
  5436 | D:3      | Noticed Crazy Yiuf
  5441 | D:3      | Killed Crazy Yiuf
  6017 | D:4      | Reached skill level 1 in Bows
  6073 | D:5      | Reached skill level 2 in Bows
  6073 | D:5      | Reached skill level 1 in Invocations
  6094 | D:5      | Found a hide-covered altar of Uskayaw.
  6127 | D:5      | Reached skill level 1 in Evocations
  6450 | D:5      | Found Hoassah's Food Emporium.
  6705 | D:5      | You fall through a shaft!
  6723 | D:6      | Reached skill level 3 in Bows
  6988 | D:6      | Reached XP level 8. HP: 42/48 MP: 11/11
  7241 | D:6      | Reached * piety under Okawaru
  7241 | D:6      | Reached skill level 4 in Bows
  7850 | D:6      | Reached skill level 5 in Bows
  8535 | D:5      | Killed Menkaure
  8770 | D:6      | Reached skill level 6 in Bows
  8987 | D:7      | Learned a level 1 spell: Apportation
  9058 | D:7      | Reached XP level 9. HP: 52/52 MP: 14/14
  9176 | D:7      | Reached skill level 7 in Bows
  9576 | D:8      | Reached skill level 5 in Invocations
  9639 | D:8      | Reached skill level 5 in Evocations
  9671 | D:8      | Found an ancient bone altar of Kikubaaqudgha.
  9705 | D:8      | Reached ** piety under Okawaru
  9984 | D:8      | Got a twisted long sword
 10316 | D:8      | Reached skill level 8 in Bows
 10561 | D:9      | Noticed Erolcha
 10574 | D:9      | Noticed Maurice
 11095 | D:9      | Killed Erolcha
 11095 | D:9      | Reached *** piety under Okawaru
 11095 | D:9      | Reached skill level 9 in Bows
 11150 | D:9      | Noticed Joseph
 11155 | D:10     | Entered Level 10 of the Dungeon
 11160 | D:10     | Reached XP level 10. HP: 17/58 MP: 16/16
 11387 | D:9      | Found a shadowy altar of Dithmenos.
 11448 | D:9      | Found Zin's Purification Station.
 11451 | D:9      | Found a glowing silver altar of Zin.
 11492 | D:9      | Identified the +7 long sword "Mieschiv" {venom, Str+2} (You found it on level 8 of the Dungeon)
 11504 | D:9      | Found a deep blue altar of Sif Muna.
 11628 | D:9      | Killed Maurice
 11671 | D:9      | Killed Joseph
 12055 | D:3      | Killed Pikaro's ghost
 12315 | D:9      | Reached skill level 10 in Bows
 12552 | D:9      | Reached **** piety under Okawaru
 12870 | D:10     | Noticed Erica
 12891 | D:10     | Killed Erica
 13041 | D:10     | Learned a level 1 spell: Animate Skeleton
 13043 | D:10     | Learned a level 1 spell: Confusing Touch
 13045 | D:10     | Learned a level 1 spell: Summon Small Mammal
 13048 | D:10     | Learned a level 2 spell: Swiftness
 13361 | D:10     | Received a gift from Okawaru
 13674 | D:10     | Killed an unseen horror
 13674 | D:10     | Reached skill level 11 in Bows
 14507 | D:11     | Reached XP level 11. HP: 61/62 MP: 19/19
 14533 | D:11     | Reached ***** piety under Okawaru
 14628 | D:11     | Noticed a brown ugly thing
 14656 | D:11     | Reached skill level 12 in Bows
 14940 | D:11     | Noticed a death yak
 14946 | D:11     | Found a staircase to the Lair.
 14946 | D:11     | Noticed a death yak
 14949 | D:11     | Noticed a death yak
 15011 | D:10     | Killed a death yak
 15011 | D:10     | Received a gift from Okawaru
 15885 | D:11     | Received a gift from Okawaru
 15885 | D:11     | Reached skill level 13 in Bows
 15886 | D:11     | Got an ancient hat {god gift}
 15897 | D:11     | Identified the +0 hat of the Bells {rPois rN+++ Dex-3 Stlth-} (Okawaru gifted it to you on level 11 of the Dungeon)
 16000 | D:11     | Noticed a skeletal warrior
 16000 | D:11     | Noticed a skeletal warrior
 16263 | D:11     | Noticed a skeletal warrior
 16333 | D:11     | Killed a brown ugly thing
 16894 | D:11     | Mangled by a death yak

Vault maps used:
D:1:      mushboom_english_gardens
D:2:      corexii_corridor_pit, minmay_distorted
D:3:      hangedman_ru_absence, minmay_close_crescents, uniq_crazy_yiuf_cottage,
          uniq_sigmund
D:4:      cheibrodos_fertilizer, marbit_many_paths,
          minmay_temple_entry_butterflies, serial_shops, shop_statue
D:5:      nicolae_overflow_hidden_temple, serial_shops, shop, first_ration,
          uniq_menkaure
D:6:      kennysheep_generic_room_5
D:8:      lemuel_zombie_altar_kikubaaqudgha
D:9:      nicolae_dithmenos_through_a_glass_darkly, zin_purify,
          lemuel_blue_sif_altar, uniq_maurice, uniq_erolcha, uniq_joseph
D:10:     grunt_ogre_cave, uniq_erica
D:11:     dpeg_lair_monsters
Temple:   regret_index_temple_waves

Skill      XL: |  1  2  3  4  5  6  7  8  9 10 11 |
---------------+----------------------------------+-----
Dodging        | 2 3 4 |  4.7
Fighting       | 3 4 |  4.6
Armour         | 3 4 |  4.6
Bows           | 3 6 9 11 13 | 13.5
Invocations    | 2 4 6 8 |  8.0
Evocations     | 2 4 6 8 |  8.0
Short Blades   | |  2.0
Shields        | |  2.4

Action                   |  1- 3 |  4- 6 |  7- 9 | 10-12 || total
-------------------------+-------+-------+-------+-------++-------
Melee: Rapier            |   145 |   330 |   117 |       ||   592
       Shortbow          |       |       |       |     2 ||     2
 Fire: Shortbow          |       |       |   551 |   588 ||  1139
Invok: Heroism           |       |       |     7 |     5 ||    12
       Finesse           |       |       |       |     2 ||     2
 Abil: Evoke Invisibilit |       |       |     6 |     6 ||    12
Evoke: Wand              |       |       |     3 |     9 ||    12
  Use: Scroll            |       |    10 |     3 |    12 ||    25
       Potion            |       |     1 |     2 |     1 ||     4
 Stab: Invisible         |       |       |     1 |       ||     1
  Eat: Chunk             |     2 |    12 |    18 |    15 ||    47
       Ration            |       |       |     1 |     1 ||     2
Armor: Scale mail        |    72 |   126 |   208 |       ||   406
       Chain mail        |       |       |   100 |    14 ||   114
       Plate armour      |       |       |       |   137 ||   137
Dodge: Dodged            |    48 |   119 |   343 |    67 ||   577
Block: Shield            |    82 |   142 |    77 |       ||   301
       Other             |       |       |       |    27 ||    27
       Reflection        |       |       |       |     6 ||     6

Table legend:
 A = Spawn XP
 B = Non-spawn XP
 C = Spawn XP percentage of total XP
 D = Spawn monster count
 E = Non-spawn monster count
 F = Spawn count percentage of total count
 G = Total turns spent on level
                    A         B        C        D         E        F      G
               +---------+---------+-------+---------+---------+-------+---------
         Total |       0 |   16182 |   0.0 |       0 |     291 |   0.0 | 16894
               +---------+---------+-------+---------+---------+-------+---------
           D:1 |       0 |      43 |   0.0 |       0 |      24 |   0.0 |   815
           D:2 |       0 |     113 |   0.0 |       0 |      22 |   0.0 |  1405
           D:3 |       0 |     742 |   0.0 |       0 |      45 |   0.0 |  2293
           D:4 |       0 |     370 |   0.0 |       0 |      30 |   0.0 |  1731
           D:5 |       0 |     463 |   0.0 |       0 |      10 |   0.0 |  1186
           D:6 |       0 |     807 |   0.0 |       0 |      26 |   0.0 |  1674
           D:7 |       0 |    1121 |   0.0 |       0 |      24 |   0.0 |   714
           D:8 |       0 |     847 |   0.0 |       0 |      19 |   0.0 |  1601
           D:9 |       0 |    2908 |   0.0 |       0 |      26 |   0.0 |  1225
          D:10 |       0 |    4493 |   0.0 |       0 |      29 |   0.0 |  2702
          D:11 |       0 |    4275 |   0.0 |       0 |      36 |   0.0 |  1472
               +---------+---------+-------+---------+---------+-------+---------
